AoeStats
← Lukascimice

Arabia

508675707Analyzed
1v1 RM · 8d ago on Sep 23, 2026· 63m 10s· 2 players
Game mode
Random Map
Map size
Tiny (2 player)
Population
200
Speed
Normal
Resources
Standard
Victory
Conquest
Starting age
Dark Age
Ending age
Imperial Age
RankedLock teamsTeams togetherTeam positionsShared explorationLock speedFull tech treeHidden civsTurbo modeCheats
Victory
Defeat
🇫🇷 Ethiopians · France
695
+18
🇨🇿 Maya · Czechia
730
-18
perchoc.t
8:29 Loom
10:53 Feudal Age
13:51 Double-Bit Axe
14:12 Fletching
14:29 Padded Archer Armor
19:51 Horse Collar
25:39 Castle Age
24:16 Wheelbarrow
26:59 Crossbowman
27:55 Gold Mining
28:13 Heavy Plow
30:06 Bodkin Arrow
31:39 Town Watch
32:28 Leather Archer Armor
32:22 Thumb Ring
34:02 Forging
35:54 Hand Cart
37:44 Ballistics
44:07 Imperial Age
42:09 Husbandry
42:49 Iron Casting
45:51 Bracer
46:22 Ring Archer Armor
45:59 Scale Barding Armor
45:42 Arbalester
49:22 Elite Shotel Warrior
54:39 Conscription
54:20 Royal Heirs
60:33 Scale Mail Armor
61:34 Blast Furnace
61:21 Masonry
Lukascimice
0:35 Loom
11:20 Feudal Age
12:10 Horse Collar
12:20 Double-Bit Axe
22:01 Fletching
26:49 Castle Age
24:55 Padded Archer Armor
27:05 Gold Mining
27:38 Heavy Plow
27:53 Bow Saw
28:43 Crossbowman
32:22 Ballistics
32:12 Thumb Ring
31:36 Eagle Warrior
33:10 Squires
33:37 Forging
34:19 Stone Mining
37:26 Wheelbarrow
39:46 Elite Skirmisher
42:12 Hand Cart
42:20 Hand Cart
41:35 Pikeman
45:43 Imperial Age
46:33 Halberdier
46:36 Elite Eagle Warrior
50:18 Town Watch
51:10 Stone Shaft Mining
53:33 Hul'che Javelineers
53:58 Leather Archer Armor
53:40 Bodkin Arrow
61:02 Crop Rotation
62:37 Bracer
62:21 Heavy Scorpion
Connection lost

Rejoining the realm…

Still unreachable

The connection could not be restored.

Session expired

The server has moved on; the page needs a fresh start.